 Dungeon Crawl Stone Soup version 0.15.1-4-gac8487e (webtiles) character file.

23455 CrazyArbalest the Slingshot (level 13, -1/81 HPs)
             Began as a Halfling Fighter on Oct 12, 2014.
             Was the Champion of Makhleb.
             Slain by a tengu warrior
             ... wielding a +0 long sword
              (6 damage)
             ... on Level 11 of the Dungeon.
             The game lasted 03:17:45 (24412 turns).

CrazyArbalest the Slingshot (Halfling Fighter)     Turns: 24412, Time: 03:17:47

HP  -1/81        AC 12     Str 16      XL: 13   Next: 35%
MP  17/17        EV 11     Int  7      God: Makhleb [******]
Gold 1884        SH  8     Dex 19      Spells:  0 memorised, 12 levels left

rFire  . . .     SeeInvis .     e - +0 greatsling (freeze)
rCold  + . .     Clarity  .     p - +0 scale mail
rNeg   . . .     rCorr    .     c - +1 buckler
rPois  +         rRot     .     t - +0 helmet
rElec  .         Spirit   .     (no cloak)
SustAb .         Warding  .     (no gloves)
rMut   .         Stasis   .     C - +2 pair of boots
Gourm  +                        B - amulet of the gourmand
MR     .....                    U - ring of protection from cold
                                L - ring of poison resistance

@: not resistant to hostile enchantments, very unstealthy
A: mutation resistance 1
a: Minor Destruction, Lesser Servant of Makhleb, Major Destruction, Greater
Servant of Makhleb, Renounce Religion


You were on level 11 of the Dungeon.
You worshipped Makhleb.
Makhleb was exalted by your worship.
You were very full.

You visited 3 branches of the dungeon, and saw 16 of its levels.
You also visited: Sewer and Bailey.

You collected 1884 gold pieces.

Inventory:

Hand weapons
 a - the +7 dagger "Khoneoze" {speed, rElec rC+ Int+2 SInv}
   (You found it on level 10 of the Dungeon)

   Attacks with this weapon are significantly faster.
   It affects your intelligence (+2).
   It protects you from cold.
   It insulates you from electricity.
   It enhances your eyesight.
 b - a +1 hunting sling
 e - a +0 greatsling of freezing (weapon)
 l - the +12 cutlass of Woe {antimagic, +Inv SInv Stlth-}
   (You found it on level 11 of the Dungeon)

   It disrupts the flow of magical energy around spellcasters and certain
   magical creatures (including the wielder).
   It enhances your eyesight.
   It lets you turn invisible.
   It makes you less stealthy.
 H - a +0 dagger of holy wrath
Missiles
 j - 63 sling bullets (quivered)
 k - 45 silver sling bullets
 m - 131 stones
Armour
 c - a +1 buckler (worn)
 p - a +0 scale mail (worn)
 t - a +0 helmet (worn)
 C - a +2 pair of boots (worn)
 P - a +2 robe of cold resistance
Magical devices
 d - a wand of fireball (4)
 i - a wand of teleportation (3)
 s - a wand of paralysis (6)
 y - a wand of heal wounds (3)
 I - a wand of disintegration (1)
Comestibles
 q - a meat ration
 r - 16 fruits
 D - a slice of pizza
Scrolls
 g - a scroll of fog
 h - 3 scrolls of remove curse
 n - 4 scrolls of teleportation
 o - 2 scrolls of magic mapping
 E - 4 scrolls of blinking
 F - a scroll of fear
Jewellery
 u - an uncursed ring of protection from magic
 B - an amulet of the gourmand (around neck)
 L - a ring of poison resistance (left hand)
 U - a ring of protection from cold (right hand)
Potions
 f - a potion of curing


   Skills:
 - Level 5.1 Fighting
 - Level 8.0 Short Blades
 * Level 21.5 Slings
 - Level 7.6 Armour
 - Level 7.1 Dodging
 - Level 2.5 Stealth
 - Level 6.5 Shields
 - Level 0.4 Invocations
 - Level 2.1 Evocations


You had 12 spell levels left.
You didn't know any spells.

Dungeon Overview and Level Annotations

Branches:
Dungeon (11/15)            Temple (1/1) D:5             Orc (0/4) D:11
   Lair (4/8) D:11         Spider (0/5) Lair:3
  Swamp: Lair:3-6    Shoals: Lair:3-6

Altars:
Ashenzari
Dithmenos
Fedhas
Kikubaaqudgha
Makhleb
Okawaru
Sif Muna
Trog
Vehumet
Xom
Yredelemnul

Shops:
D:10 *

Annotations:
D:3 Sigmund
D:4 mutis' ghost, average GrEE
Lair:4 Chiseanne's ghost, powerful CeWn


Innate Abilities, Weirdness & Mutations

You are small and have problems with some larger weapons.
You are somewhat resistant to further mutation.


Message History

The tengu warrior hits you with a long sword!
* * * LOW HITPOINT WARNING * * *
The tengu warrior misses you.
The tengu warrior claws you but does no damage.
Wield which item (- for none, * to show all)? (? for menu, Esc to quit)
Okay, then.
Drink which item? (? for menu, Esc to quit)
Okay, then.
Unknown command.
Evoke which item? (* to show all) (? for menu, Esc to quit)
Zapping:
y - a wand of heal wounds (4)
Press: ? - help, Shift-Dir - straight line, f - you, p - fire dragon You feel much better.
This wand has 3 charges left.
The fire dragon breathes flames at you. The blast of flame hits you!
* * * LOW HITPOINT WARNING * * *
The tengu warrior hits you with a long sword.
* * * LOW HITPOINT WARNING * * *
The tengu warrior pecks you.
You die...

...........##......##............
....#####..##....................
....# #........................
....# #.........###............
....# #.)/>....................
....# #.[#.........###.......##
....# #..#..........#.........#
....#####..#.......#..#..#...#.$#
...........#....@Q.#######...####
...........#..##.D.#..#..#...#(.#
....####...#..##..(...#(........#
....# #...#.....(.(.###(......#
....# #...#.....###(.....###.C..
....# #...#......#........# .
....# #...#...#..#$.#(.#..# #.
....# #...#...#######.(#### #..
....# #....(..#..# #..# C.#..


You could see a fire dragon and a tengu warrior.

Vanquished Creatures
  A hydra (Lair:1)
  A death yak (Lair:4)
  A catoblepas (Lair:4)
  An orb spider (Lair:3)
  An unseen horror (D:11)
  Pikel (D:5)
  An ugly thing (D:9)
  A black mamba (Lair:3)
  Psyche (D:8)
  A queen ant (Lair:3)
  7 spiny frogs
  2 fire drakes
  A freezing wraith (D:11)
  3 komodo dragons
  Grinder (D:6)
  A blink frog (Lair:3)
  A wraith (D:11)
  A wyvern (D:9)
  A trapdoor spider (D:11)
  Eustachio (D:10)
  13 yaks
  A hungry ghost (D:11)
  4 hippogriffs
  4 wargs
  3 water moccasins
  3 soldier ants (Lair:3)
  9 orc warriors
  3 wolves (Lair:3)
  2 sky beasts (D:11)
  Purgy (Sewer)
  A yellow wasp (D:8)
  7 porcupines
  A necrophage (D:6)
  4 ice beasts
  4 black bears
  4 phantoms
  5 ogres
  The ghost of Thrillho the Sneak, an average OpAs (Sewer)
  3 big kobolds (D:10)
  6 centaurs
  7 crocodiles
  10 giant frogs
  A cyclops skeleton (D:9)
  5 scorpions
  3 eyes of draining
  4 vampire bats (Lair:2)
  A yak skeleton (D:8)
  An electric eel (Lair:2)
  6 killer bees
  12 wights
  4 crimson imps
  2 goliath beetles
  6 jellies
  3 orc wizards
  9 hounds
  An elf skeleton (D:10)
  6 orc priests
  37 worker ants
  11 iguanas
  A killer bee zombie (D:9)
  2 sky beast zombies
  A big kobold skeleton (D:5)
  A hound zombie (D:11)
  16 adders
  6 gnolls
  53 green rats
  5 shadow imps
  2 giant mites
  An inept item mimic (D:6)
  4 worms
  An adder zombie (D:5)
  6 giant geckos
  51 orcs
  6 ball pythons
  9 giant cockroaches
  19 goblins
  14 hobgoblins
  10 jackals
  33 kobolds
  8 quokkas
  A ball python zombie (D:5)
  23 bats
  9 giant newts
  2 gnoll zombies (D:3)
  A goblin skeleton (D:4)
  A goblin zombie (D:6)
  A kobold skeleton (D:8)
  An orc skeleton (D:4)
  An orc zombie (D:6)
  19 rats
  2 ballistomycetes (D:6)
  2 fungi
  A plant (Lair:1)
550 creatures vanquished.

Vanquished Creatures (collateral kills)
  A komodo dragon (Lair:1)
  A phantom (D:7)
2 creatures vanquished.

Vanquished Creatures (others)
  An orange demon (Lair:1)
  A komodo dragon (Lair:4)
  A yak (Lair:4)
  A slave (D:5)
  A giant frog (Lair:4)
  2 worker ants (D:5)
  A giant spore (D:6)
  A goblin (D:6)
  5 fungi
  3 plants
17 creatures vanquished.

Grand Total: 569 creatures vanquished

Notes
Turn   | Place    | Note
--------------------------------------------------------------
     0 | D:1      | CrazyArbalest, the Halfling Fighter, began the quest for the Orb.
     0 | D:1      | Reached XP level 1. HP: 15/15 MP: 1/1
    45 | D:1      | Reached XP level 2. HP: 18/20 MP: 2/2
   219 | D:1      | Reached XP level 3. HP: 18/25 MP: 3/3
  1306 | D:2      | Reached XP level 4. HP: 21/31 MP: 4/4
  1583 | D:2      | Reached skill level 4 in Armour
  1583 | D:2      | Reached skill level 1 in Dodging
  2382 | D:3      | Noticed a phantom
  2433 | D:3      | Found a basalt altar of Yredelemnul.
  2567 | D:3      | Noticed Sigmund
  2601 | D:4      | Reached skill level 1 in Slings
  2605 | D:4      | Reached XP level 5. HP: 11/36 MP: 5/5
  3706 | D:4      | Reached XP level 6. HP: 24/42 MP: 6/6
  4090 | D:4      | Noticed mutis' ghost (average GrEE)
  4446 | D:3      | Reached skill level 5 in Slings
  5601 | D:3      | Killed a phantom
  5601 | D:3      | Reached skill level 6 in Slings
  5601 | D:3      | Reached XP level 7. HP: 21/46 MP: 7/7
  6073 | D:4      | Reached skill level 7 in Slings
  6471 | D:5      | Entered Level 5 of the Dungeon
  6576 | D:5      | Found a staircase to the Ecumenical Temple.
  6619 | Temple   | Entered the Ecumenical Temple
  6635 | Temple   | Became a worshipper of Makhleb the Destroyer
  6749 | D:5      | Reached skill level 8 in Slings
  7086 | D:5      | Noticed Pikel
  7115 | D:5      | Killed Pikel
  7115 | D:5      | Reached skill level 10 in Slings
  7115 | D:5      | Reached XP level 8. HP: 19/52 MP: 8/8
  7193 | D:5      | Acquired Makhleb's first power
  7600 | D:6      | Reached skill level 11 in Slings
  7600 | D:6      | Reached skill level 1 in Stealth
  7753 | D:6      | Found a shadowy altar of Dithmenos.
  7781 | D:6      | Reached XP level 9. HP: 10/57 MP: 9/9
  7963 | D:6      | Noticed Grinder
  7979 | D:6      | Paralysed by Grinder for 7 turns
  7993 | D:6      | Killed Grinder
  7993 | D:6      | Reached skill level 12 in Slings
  8091 | D:6      | Found a glowing drain.
  8101 | D:6      | Acquired Makhleb's second power
  8116 | Sewer    | Entered a sewer
  8244 | Sewer    | Noticed Purgy
  8260 | Sewer    | Killed Purgy
  8278 | Sewer    | Noticed Thrillho's ghost (average OpAs)
  8304 | Sewer    | Killed Thrillho's ghost
  8304 | Sewer    | Reached skill level 13 in Slings
  8662 | D:6      | Reached skill level 5 in Armour
  8672 | D:6      | Found a blossoming altar of Fedhas.
  9260 | D:7      | Reached skill level 14 in Slings
  9499 | D:7      | Found an ancient bone altar of Kikubaaqudgha.
  9501 | D:7      | Acquired Makhleb's third power
 10469 | D:8      | Reached XP level 10. HP: 53/60 MP: 11/11
 10545 | D:8      | Reached skill level 15 in Slings
 10717 | D:8      | Found a radiant altar of Vehumet.
 10773 | D:8      | Found a bloodstained altar of Trog.
 11002 | D:8      | Reached skill level 16 in Slings
 11320 | D:8      | Found a deep blue altar of Sif Muna.
 11378 | D:8      | Acquired Makhleb's fourth power
 11556 | D:8      | Noticed Psyche
 11587 | D:8      | Killed Psyche
 12556 | D:9      | Found a flagged portal.
 12574 | Bailey   | Entered a bailey
 13020 | Bailey   | Reached skill level 17 in Slings
 13128 | Bailey   | Found a bloodstained altar of Trog.
 13278 | D:9      | Noticed a sphinx
 13303 | D:9      | Noticed a cyclops
 13749 | D:9      | Acquired Makhleb's fifth power
 13796 | D:9      | Reached XP level 11. HP: 67/67 MP: 12/12
 14215 | D:8      | Reached skill level 18 in Slings
 14248 | D:8      | Got a brightly glowing turquoise ring
 15018 | D:9      | Upgraded the game from 0.15.1-3-g1b33baa to 0.15.1-4-gac8487e
 15021 | D:10     | Entered Level 10 of the Dungeon
 15084 | D:9      | Noticed a green ugly thing
 15095 | D:10     | Noticed Eustachio
 15104 | D:10     | Killed Eustachio
 15171 | D:10     | Found Omukamac's Elemental Accessories.
 15430 | D:10     | Identified the cursed ring of Noerhih {Int-3 Stlth+} (You took it off an orc on level 8 of the Dungeon)
 15523 | D:10     | Reached skill level 19 in Slings
 15809 | D:10     | Got a smoking dagger
 15810 | D:10     | Identified the +7 dagger "Khoneoze" {speed, rElec rC+ Int+2 SInv} (You found it on level 10 of the Dungeon)
 15817 | D:10     | Noticed a hill giant
 15892 | D:9      | Killed a green ugly thing
 16524 | D:11     | Reached skill level 5 in Shields
 16559 | D:11     | Found a staircase to the Orcish Mines.
 16563 | D:11     | Noticed a cyclops
 16577 | D:11     | HP: 2/67 [warg (12)]
 16900 | D:11     | Noticed a cyclops
 16922 | D:11     | Noticed a cyclops
 17249 | D:11     | Reached skill level 20 in Slings
 17261 | D:11     | Noticed a fire dragon
 17363 | D:11     | Noticed an ogre mage
 17776 | D:11     | Reached skill level 1 in Evocations
 17792 | D:11     | Found a staircase to the Lair.
 17802 | Lair:1   | Entered Level 1 of the Lair of Beasts
 17910 | Lair:1   | Reached XP level 12. HP: 15/73 MP: 14/14
 18959 | Lair:2   | Reached skill level 5 in Dodging
 19105 | Lair:2   | Found a dark tunnel.
 19656 | Lair:1   | Noticed a four-headed hydra
 19675 | Lair:1   | Killed a four-headed hydra
 20268 | Lair:3   | Reached skill level 5 in Short Blades
 20989 | Lair:3   | Reached skill level 21 in Slings
 21484 | Lair:3   | Found a hole to the Spider Nest.
 22470 | Lair:4   | Noticed a death yak
 22471 | Lair:4   | Noticed a death yak
 22472 | Lair:4   | Noticed a death yak
 22473 | Lair:4   | Noticed a death yak
 22474 | Lair:4   | Noticed Chiseanne's ghost (powerful CeWn)
 22475 | Lair:4   | Noticed a death yak
 22584 | Lair:3   | Reached XP level 13. HP: 44/81 MP: 16/16
 22790 | Lair:4   | Noticed a catoblepas
 23020 | Lair:4   | Killed a catoblepas
 23483 | Lair:4   | Reached skill level 5 in Fighting
 23893 | Lair:4   | Killed a death yak
 24104 | D:11     | Noticed an unseen horror
 24115 | D:11     | Killed an unseen horror
 24155 | D:11     | Got a crude cutlass
 24156 | D:11     | Noticed a hill giant
 24157 | D:11     | Noticed a five-headed hydra
 24180 | D:11     | Noticed a white ugly thing
 24195 | D:11     | Noticed a tengu warrior
 24209 | D:11     | Identified the cursed +12 cutlass of Woe {antimagic, +Inv SInv Stlth-} (You found it on level 11 of the Dungeon)
 24242 | D:11     | Identified a scroll of acquirement
 24412 | D:11     | Slain by a tengu warrior

Action                   |  1- 3 |  4- 6 |  7- 9 | 10-12 | 13-15 || total
-------------------------+-------+-------+-------+-------+-------++-------
Melee: Cutlass           |   105 |    47 |    19 |       |     6 ||   177
       Hunting sling     |       |       |     1 |       |       ||     1
       Dagger            |       |       |       |   854 |   216 ||  1070
 Fire: Hunting sling     |       |   251 |   645 |  1585 |   102 ||  2583
       Greatsling        |       |       |       |       |    19 ||    19
Invok: Lesser Servant of |       |       |     1 |     1 |       ||     2
Evoke: Wand              |       |       |    10 |    37 |    10 ||    57
  Use: Potion            |       |     2 |     9 |     4 |     2 ||    17
       Scroll            |       |       |     6 |    17 |     8 ||    31
 Stab: Paralysed         |       |       |       |     2 |     1 ||     3
  Eat: Chunk             |     1 |    12 |    17 |    46 |     7 ||    83
       Beef jerky        |       |       |     1 |       |       ||     1
